 Dungeon Crawl Stone Soup version 0.26-a0-812-g31a745ddcd (webtiles) character file.

Game seed: 7292318161868893512

814 nuthulu the Skirmisher (level 7, -20/48 HPs)
             Began as a Gargoyle Fighter on Dec 9, 2020.
             Demolished by an ogre
             ... wielding a +0 giant club
              (28 damage)
             ... on level 5 of the Dungeon.
             The game lasted 00:06:16 (4554 turns).

nuthulu the Skirmisher (Gargoyle Fighter)           Turns: 4554, Time: 00:06:17

Health: -20/48     AC: 15    Str: 21    XL:     7   Next: 93%
Magic:  7/7        EV:  7    Int:  8    God:
Gold:   58         SH: 11    Dex: 10    Spells: 6/6 levels left

rFire    + . .     SeeInvis .   a - +0 flail
rCold    . . .     Faith    .   c - +2 kite shield
rNeg     + . .     Spirit   .   b - +0 scale mail
rPois    ∞         Reflect  .   (no helmet)
rElec    +         Harm     .   f - +2 cloak {Stlth+}
rCorr    .         Rampage  .   p - +0 pair of gloves
MR       +....                  (no boots)
Stlth    ..........             (no amulet)
HPRegen  0.16/turn              h - ring of protection from magic
MPRegen  0.10/turn              l - ring of protection from fire

@: mighty
A: negative energy resistance 1, electricity resistance, unbreathing,
petrification resistance, rot immunity, AC +4
a: no special abilities


You were on level 5 of the Dungeon.
You visited 1 branch of the dungeon, and saw 5 of its levels.

You collected 316 gold pieces.
You spent 258 gold pieces at shops.

Inventory:

Hand Weapons
 a - a +0 flail (weapon)
Missiles
 n - a throwing net (quivered)
Armour
 b - a +0 scale mail (worn)
 c - a +2 kite shield (worn)
 f - a +2 cloak of stealth (worn)
 p - a +0 pair of gloves (worn)
Jewellery
 h - a ring of protection from magic (left hand)
 l - a ring of protection from fire (right hand)
Wands
 o - a wand of disintegration (6)
Scrolls
 q - a scroll of remove curse
Potions
 e - a potion of magic
 g - a potion of flight
 i - 3 potions of mutation
 k - a potion of cancellation {unknown}
 m - a potion of invisibility {unknown}
 r - a potion of brilliance {unknown}


   Skills:
 + Level 7.4 Fighting
 + Level 6.3 Maces & Flails
 - Level 3.2 Armour
 - Level 3.2 Shields


You had 6 spell levels left.
You didn't know any spells.
Your spell library was empty.

Dungeon Overview and Level Annotations

Branches:
Dungeon (5/15)
 Temple: D:4-7

Altars:
Elyvilon
Fedhas
Makhleb
Nemelex Xobeh
Qazlal
Ru
Sif Muna
Vehumet

Shops:
D:4 [


Innate Abilities, Weirdness & Mutations

You are resistant to torment.
Your stone body is resilient. (AC +4)
You are immune to poison.
You resist negative energy. (rN+)
You are resistant to electric shocks. (rElec)
You can survive without breathing.
You are immune to petrification.
You are immune to rotting.


Message History

The ogre is severely wounded.
You block the ogre's attack.
You hit the ogre but do no damage.
The ogre is severely wounded.
The ogre hits you with a +0 giant club!
* * * LOW HITPOINT WARNING * * *
Okay, then.
Okay, then.
You feel better.
You feel very mighty all of a sudden. The ogre hits you with a +0 giant club!
* * * LOW HITPOINT WARNING * * *
The water moccasin hisses angrily.
You thump the ogre!
You kill the ogre!
You sock the ogre!
The ogre is heavily wounded.
The ogre hits you with a +0 giant club!!
Ouch! That really hurt!
You die...

.._...S ....O .... .. ..
..[ #.# ....####S####..
#.# ............... #.#
#..# #.# ##O# #.#
#.#####@#########.###
.................>#.#
............#.###.#.#
......#.............####
...............##.#.##.#
..###.#.#.#.#..(.......#
. #.#[#.#.##.##.#.##.# #
......##.##.#.##.#
#............#.##.#


You could see a water moccasin and an ogre.

Vanquished Creatures
  Purgy (D:3)
  A sky beast (D:5)
  An ogre (D:5)
  2 howler monkeys
  A hound (D:4)
  A jelly (D:5)
  2 orc wizards (D:4)
  Jessica (D:3)
  A centaur skeleton (D:4)
  3 worker ants
  An iguana (D:5)
  4 gnolls (D:4)
  5 adders
  A shadow imp (D:5)
  An ooze (D:4)
  An adder skeleton (D:4)
  A worm (D:4)
  2 dart slugs
  A leopard gecko (D:4)
  11 orcs
  8 bats
  6 giant cockroaches
  4 goblins
  9 hobgoblins
  14 jackals
  2 quokkas
  A ball python (D:3)
  5 frilled lizards
  7 kobolds
  8 rats
106 creatures vanquished.

Vanquished Creatures (others)
  2 plants (D:2)
2 creatures vanquished.

Grand Total: 108 creatures vanquished

Notes
Turn   | Place    | Note
-------+----------+-------------------------------------------
     0 | D:1      | nuthulu the Gargoyle Fighter began the quest for the Orb.
     0 | D:1      | Reached XP level 1. HP: 14/14 MP: 1/1
   161 | D:1      | Reached XP level 2. HP: 19/19 MP: 2/2
   774 | D:1      | Reached XP level 3. HP: 24/24 MP: 3/3
   778 | D:1      | Reached skill level 4 in Fighting
  1395 | D:2      | You fall into a shaft and drop 2 floors!
  1462 | D:2      | Found a blossoming altar of Fedhas.
  1504 | D:2      | Found a stormy altar of Qazlal.
  1782 | D:2      | Reached XP level 4. HP: 30/30 MP: 4/4
  1932 | D:2      | Found a faded altar of an unknown god.
  2215 | D:3      | Noticed Purgy
  2243 | D:3      | Killed Purgy
  2243 | D:3      | Reached skill level 5 in Fighting
  2243 | D:3      | Reached XP level 5. HP: 16/35 MP: 5/5
  2659 | D:3      | Noticed Jessica
  2679 | D:3      | Killed Jessica
  2679 | D:3      | Reached XP level 6. HP: 40/40 MP: 6/6
  2967 | D:3      | Found a shimmering blue altar of Sif Muna.
  2971 | D:3      | Found a radiant altar of Vehumet.
  2971 | D:3      | Found a burning altar of Makhleb.
  2980 | D:3      | Found a sacrificial altar of Ru.
  2984 | D:3      | Found a sparkling altar of Nemelex Xobeh.
  3418 | D:4      | Reached skill level 6 in Fighting
  3423 | D:4      | Reached skill level 5 in Maces & Flails
  3629 | D:4      | Reached XP level 7. HP: 46/47 MP: 7/7
  3824 | D:4      | Found Bugicw's Armour Shop.
  3827 | D:4      | Bought a +2 cloak of stealth for 258 gold pieces
  4158 | D:5      | Entered Level 5 of the Dungeon
  4521 | D:5      | Found a white marble altar of Elyvilon.
  4546 | D:5      | Reached skill level 7 in Fighting
  4554 | D:5      | Demolished by an ogre

Illustrated notes

Levels and vault maps discovered:
D:1:      giann_forest_graveyard, layout_basic, minivault_23
D:2:      layout_loops_ring, grunt_temple_overflow_forces_of_nature,
          chequers_ecumenical_altar_grove
D:3:      layout_rooms, minmay_overflow_temple_star_hex, uniq_jessica,
          uniq_purgy
D:4:      layout_loops_ring, serial_shops, kennysheep_mini_moat,
          kennysheep_small_circle
D:5:      layout_basic, old_standard_altar, nicolae_overflow_crystal_walls,
          minmay_temple_entry_fiery, hangedman_decor_push

Skill      XL: |  1  2  3  4  5  6  7 |
---------------+----------------------+-----
Fighting       | 4 5 6 7 |  7.4
Maces & Flails | 3 4 5 6 |  6.3
Armour         | |  3.2
Shields        | |  3.2

Action                   |  1- 3 |  4- 6 |  7- 9 || total
-------------------------+-------+-------+-------++-------
Melee: Flail             |   156 |   190 |    76 ||   422
  Use: Scroll            |     4 |     7 |       ||    11
       Potion            |       |     1 |     3 ||     4
Armor: Scale mail        |   108 |   138 |    23 ||   269
Dodge: Dodged            |    66 |    77 |    19 ||   162
Block: Kite shield       |   107 |   131 |    29 ||   267

Table legend: (Time is in decaauts)
 A = Elapsed time spent in this place.
 B = Non-inter-level travel time spent in this place.
 C = Inter-level travel time spent in this place.
 D = Time resting spent in this place.
 E = Time spent auto-exploring this place.
 F = Levels seen in this place.
 G = Mean time per level.
                   A        B        C        D        E       F      G
               +--------+--------+--------+--------+--------+-----+--------+
         Total |   4681 |   4438 |    243 |   1094 |   2299 |   5 |  936.2 |
       Dungeon |   4681 |   4438 |    243 |   1094 |   2299 |   5 |  936.2 |
               +--------+--------+--------+--------+--------+-----+--------+

Top non-repeatable levels by time:
     D:1: 1347 daAuts
     D:3: 1038 daAuts
     D:4: 1026 daAuts
     D:2: 861 daAuts
     D:5: 407 daAuts
